 Dungeon Crawl Stone Soup version 0.27.1-33-g824d729ab1 (webtiles) character file.

Game seed: 10763308948965496224

107 Nixze the Grave Robber (level 4, -17/33 HPs)
             Began as a Ghoul Necromancer on Nov 27, 2021.
             Demolished by an ogre (22 damage)
             ... on level 4 of the Dungeon.
             The game lasted 00:07:22 (2475 turns).

Nixze the Grave Robber (Ghoul Necromancer)          Turns: 2475, Time: 00:07:23

Health: -17/33     AC:  2    Str: 11    XL:     4   Next: 85%
Magic:  8/14       EV: 12    Int: 11    God:
Gold:   87         SH:  0    Dex:  9    Spells: 1/6 levels left

rFire    . . .     SeeInvis .   c - +0 dagger
rCold    + . .     Faith    .   (no shield)
rNeg     + + +     Spirit   .   a - +0 robe
rPois    ∞         Reflect  .   (no helmet)
rElec    .         Harm     .   (no cloak)
rCorr    .         Rampage  .   (no gloves)
Will     .....                  (no boots)
Stlth    ++........             (no amulet)
HPRegen  0.00/turn              d - ring of magical power
MPRegen  0.14/turn              (no ring)

@: very slightly contaminated, inhibited regen
A: claws 1, cold resistance 1, negative energy resistance 3, inhibited
regeneration, torment resistance 2
a: no special abilities


You were on level 4 of the Dungeon.
You visited 1 branch of the dungeon, and saw 4 of its levels.

You collected 87 gold pieces.

Inventory:

Hand Weapons
 c - a +0 dagger (weapon)
Missiles
 b - 30 stones (quivered)
 f - 8 boomerangs
Armour
 a - a +0 robe (worn)
Jewellery
 d - a ring of magical power (left claw)
Scrolls
 e - a scroll of teleportation {unknown}
 g - 2 scrolls of identify {unknown}
 h - a scroll of noise {unknown}
 k - a scroll of fear {unknown}
Potions
 i - a potion of attraction {unknown}
 j - a potion of curing {unknown}
 l - a potion of mutation {unknown}


   Skills:
 - Level 1.7 Dodging
 - Level 2.1 Stealth
 + Level 1.9 Spellcasting
 - Level 6.0 Necromancy


You had one spell level left.
You knew the following spells:

 Your Spells              Type           Power      Damage    Failure   Level
a - Pain                  Necr           56%        1d6       2%          1
b - Animate Skeleton      Necr           28%        N/A       2%          1
c - Vampiric Draining     Necr           7%         2d7       8%          3

Your spell library contained the following spells:

 Spells                   Type           Power      Damage    Failure   Level
 Corona                   Hex            1%         N/A       30%         1
 Animate Dead             Necr           7%         N/A       26%         4
 Ensorcelled Hibernation  Hex/Ice        2%         N/A       41%         2
 Agony                    Necr           14%        N/A       56%         5
 Tukima's Dance           Hex            1%         N/A       65%         3


Dungeon Overview and Level Annotations

Branches:
Dungeon (3/15)

Altars:

Shops:
D:1 [*??(


Innate Abilities, Weirdness & Mutations

You thrive by killing the living.
You are immune to poison.
You have sharp fingernails.
Your flesh is cold resistant. (rC+)
You are immune to negative energy. (rN+++)
You do not regenerate when monsters are visible.
You are immune to unholy pain and torment.


Message History

Unknown command.
Casting: Pain (safe; 2% risk of failure)
Confirm with . or Enter, or press ? or * to list all spells.
Aiming: Pain (safe; 2% risk of failure)
Press: ? - help, Shift-Dir - straight line, f/p - ogre
Aim: an ogre, wielding a +0 giant spiked club (chance to affect: 72%)
The ogre writhes in agony.
Casting: Pain (safe; 2% risk of failure)
Confirm with . or Enter, or press ? or * to list all spells.
Aiming: Pain (safe; 2% risk of failure)
Press: ? - help, Shift-Dir - straight line, f/p - ogre
Aim: an ogre, wielding a +0 giant spiked club (lightly wounded, chance to affect: 72%)
The ogre writhes in agony.
Casting: Pain (safe; 2% risk of failure)
Confirm with . or Enter, or press ? or * to list all spells.
Aiming: Pain (safe; 2% risk of failure)
Press: ? - help, Shift-Dir - straight line, f/p - ogre
Aim: an ogre, wielding a +0 giant spiked club (moderately wounded, chance to affect: 72%)
The ogre writhes in agony.
The ogre hits you with a +0 giant spiked club!
Casting: Pain (safe; 2% risk of failure)
Confirm with . or Enter, or press ? or * to list all spells.
Aiming: Pain (safe; 2% risk of failure)
Press: ? - help, Shift-Dir - straight line, f/p - ogre
Aim: an ogre, wielding a +0 giant spiked club (moderately wounded, chance to affect: 72%)
The ogre struggles to resist.
The ogre hits you with a +0 giant spiked club!
Ouch! That really hurt!
* * * LOW HITPOINT WARNING * * *
Casting: Pain (safe; 2% risk of failure)
Confirm with . or Enter, or press ? or * to list all spells.
Aiming: Pain (safe; 2% risk of failure)
Press: ? - help, Shift-Dir - straight line, f/p - ogre
Aim: an ogre, wielding a +0 giant spiked club (moderately wounded, chance to affect: 72%)
You miscast Pain.
You are very lightly contaminated with residual magic.
Nothing appears to happen.
The ogre hits you with a +0 giant spiked club!!
Ouch! That really hurt!
You die...

... #'# ##.#######
#....O...# #..#####.#
####...####.##.#
#..............#
#.#####.##...####.####
#....@O.##........#
###########.#######
#.# #.# #.# #.#


You could see an ogre.

Vanquished Creatures
  Natasha (twice) (D:2)
  An adder (D:2)
  2 dart slugs (D:1)
  6 ball pythons
  4 bats
  4 endoplasms
  2 giant cockroaches
  2 goblins
  5 hobgoblins
  5 quokkas
  2 frilled lizards
  2 kobolds
  6 rats
43 creatures vanquished.

Notes
Turn   | Place    | Note
-------+----------+-------------------------------------------
     0 | D:1      | Nixze the Ghoul Necromancer began the quest for the Orb.
     0 | D:1      | Reached XP level 1. HP: 14/14 MP: 2/2
     2 | D:1      | Learned a level 1 spell: Animate Skeleton
    16 | D:1      | Found Cufow's Assorted Antiques.
    16 | D:1      | Found Kavuepaf's Magic Scroll Shoppe.
    50 | D:1      | Found Amazos's Magic Scroll Shoppe.
   440 | D:1      | Reached XP level 2. HP: 19/20 MP: 3/3
   535 | D:1      | Found a faded altar of an unknown god.
   573 | D:1      | Found Kusen's Weapon Shoppe.
   807 | D:1      | Found Myfysmea's Antique Armour Emporium.
  1114 | D:1      | Reached XP level 3. HP: 26/26 MP: 4/4
  1223 | D:1      | Reached skill level 5 in Necromancy
  1362 | D:1      | Learned a level 3 spell: Vampiric Draining
  1702 | D:2      | Noticed Natasha
  1710 | D:2      | Killed Natasha
  1711 | D:2      | Reached XP level 4. HP: 33/33 MP: 5/5
  1945 | D:2      | Noticed Natasha
  1960 | D:2      | Killed Natasha
  1961 | D:2      | Reached skill level 6 in Necromancy
  2447 | D:3      | You fall into a shaft and drop 1 floor!
  2450 | D:4      | Noticed an ogre
  2475 | D:4      | Demolished by an ogre

Illustrated notes

Levels and vault maps discovered:
D:1:      erik_arrival_triangle_small, layout_loops_ring,
          hellmonk_ecumenical_altar_run_dry, serial_shops, nicolae_shop_trees,
          shop, nicolae_shop_stone, nicolae_shop_trees, shop,
          minmay_pentomino_r2
D:2:      layout_rooms, minmay_misc_feat_iff, uniq_natasha
D:3:      layout_loops_cross, mainiacjoe_overflow_alcove_2
D:4:      layout_loops_corners, mainiacjoe_overflow_alcove_4

Skill      XL: |  1  2  3  4 |
---------------+-------------+-----
Necromancy     | 5 6 |  6.0
Dodging        | |  1.7
Stealth        | |  2.1
Spellcasting   | |  1.9

Action                   |  1- 3 |  4- 6 || total
-------------------------+-------+-------++-------
Melee: Dagger            |    14 |       ||    14
Throw: Stone             |     8 |     8 ||    16
 Cast: Pain              |    67 |    44 ||   111
       Animate Skeleton  |     2 |       ||     2
Armor: Robe              |     3 |     6 ||     9
Dodge: Dodged            |    20 |    10 ||    30
